 Dungeon Crawl Stone Soup version 0.21-a0-221-gfe971b9 (console) character file.

4316 Duffy the Cleaver (level 10, -4/77 HPs)
             Began as a Human Gladiator on Aug 25, 2017.
             Was an Initiate of Gozag.
             Slain by a wyvern (7 damage)
             ... on level 9 of the Dungeon.
             The game lasted 00:13:57 (11424 turns).

Duffy the Cleaver (Human Gladiator)                Turns: 11424, Time: 00:13:58

Health: -4/77      AC:  7    Str: 19    XL:     10   Next: 58%
Magic:  0/10       EV: 20    Int:  8    God:    Gozag
Gold:   778        SH:  0    Dex: 19    Spells: 9/9 levels left

rFire    . . .     SeeInvis .   a - +0 war axe
rCold    . . .     Gourm    .   (no shield)
rNeg     . . .     Faith    .   u - +0 scale mail
rPois    .         Spirit   +   c - +1 helmet
rElec    .         Reflect  .   y - +0 cloak
rCorr    +         Harm     .   s - +0 pair of gloves
MR       .....                  i - +2 pair of boots
Stlth    ++........             b - amulet of guardian spirit
HPRegen  0.22/turn              q - ring of resist corrosion
MPRegen  0.12/turn              C - ring of stealth

@: agile, corroded, gold aura
A: no striking features
a: Potion Petition, Call Merchant, Bribe Branch, Renounce Religion


You were on level 9 of the Dungeon.
You worshipped Gozag.
Gozag was pleased with you.
You were very full.

You visited 2 branches of the dungeon, and saw 10 of its levels.

You collected 919 gold pieces.
You paid 141 gold pieces to Gozag.

Inventory:

Hand Weapons
 a - a +0 war axe (weapon)
 m - a +0 blowgun
Missiles
 d - 3 throwing nets (quivered)
Armour
 c - a +1 helmet (worn)
 i - a +2 pair of boots (worn)
 s - a +0 pair of gloves (worn)
 u - a +0 scale mail (worn)
 y - a +0 cloak (worn)
Jewellery
 b - an amulet of guardian spirit (around neck)
 l - an uncursed ring of ice
 q - a ring of resist corrosion (left hand)
 C - a ring of stealth (right hand)
Wands
 p - a wand of polymorph (5/24)
 w - a wand of paralysis (0/24)
 x - a wand of lightning (0/15)
Scrolls
 j - a scroll of fog
 k - 3 scrolls of immolation
 r - 2 scrolls of remove curse
Potions
 h - 3 potions of haste
 n - 2 potions of curing
 o - a potion of might {unknown}
 t - a potion of resistance {unknown}
 v - a potion of invisibility {unknown}
 z - a potion of ambrosia {unknown}
 B - a potion of brilliance {unknown}
Miscellaneous
 D - a box of beasts
Comestibles
 f - 4 bread rations
 g - 6 meat rations
 A - 3 royal jellies


   Skills:
 + Level 6.6 Fighting
 * Level 10.0 Axes
 - Level 2.0 Throwing
 + Level 6.4 Armour
 + Level 7.2 Dodging


You had 9 spell levels left.
You didn't know any spells.

Dungeon Overview and Level Annotations

Branches:
Dungeon (9/15)             Temple (1/1) D:6             Orc (0/2) D:9
   Lair: D:8-11

Altars:
Ashenzari
Cheibriados
Dithmenos
Elyvilon
Fedhas
Gozag
Hepliaklqana
Kikubaaqudgha
Makhleb
Nemelex Xobeh
Okawaru
Qazlal
Ru
Sif Muna
Trog
Uskayaw
Vehumet
Wu Jian
Xom
Yredelemnul
Zin
The Shining One


Message History

Your larval fireox beast breathes flames at the wyvern.
The blast of flame misses the wyvern.
The wyvern barely misses your larval fireox beast.
The wyvern bites your larval fireox beast.
Your larval fireox beast closely misses the wyvern.
Your larval fireox beast tramples the wyvern but does no damage.
The wyvern bites your larval fireox beast.
Your larval fireox beast dies!
Your larval fireox beast's corpse disappears in a puff of smoke!
A wyvern comes into view.
The wyvern closely misses you. The wyvern barely misses you.
The wyvern barely misses you.
Okay, then.
Okay, then.
You feel agile all of a sudden. The wyvern bites you!
You hit the wyvern but do no damage. The wyvern bites you!
You die...
Your body crumbles into a pile of gold.

### # ### ##@# ..##
#.###l## ### .#...
##...h## #.####
#.....##.####.#
####...#
........###.#.##
###...###.
..#.l........#.#
####..#### #.
#.#.##........###....##
## # #.#.###.........##
#.##.. #####.###.#


You could see a wyvern and a hound.

Vanquished Creatures
  A queen bee (D:8)
  Sigmund (D:3)
  2 hippogriffs (D:7)
  A basilisk (D:9)
  Duvessa (D:5)
  An orc warrior (D:7)
  2 phantoms
  2 ice beasts
  A black bear (D:8)
  3 ogres
  2 crocodiles (D:9)
  Blork the orc (D:5)
  4 bullfrogs
  Dowan (D:5)
  A water moccasin zombie (D:7)
  A scorpion (D:8)
  A water moccasin skeleton (D:7)
  17 killer bees
  3 howler monkeys (D:7)
  5 crimson imps
  2 bullfrog zombies
  2 hounds
  A gnoll shaman (D:3)
  2 centaur skeletons
  An iguana (D:6)
  3 orc wizards
  Natasha (D:3)
  4 worker ants
  A hound skeleton (D:6)
  A hound zombie (D:5)
  A howler monkey skeleton (D:5)
  7 gnolls
  10 adders
  2 shadow imps
  2 oozes
  An adder zombie (D:5)
  2 adder skeletons
  A worm (D:3)
  6 leopard geckos
  20 orcs
  A giant cockroach (D:1)
  5 goblins
  7 hobgoblins
  20 jackals
  5 kobolds
  2 quokkas
  2 bats (D:1)
  3 frilled lizards
  2 jackal skeletons
  A leopard gecko skeleton (D:5)
  4 rats
173 creatures vanquished.

Vanquished Creatures (collateral kills)
  An acid dragon (D:9)
1 creature vanquished.

Vanquished Creatures (others)
  A kobold (D:2)
1 creature vanquished.

Grand Total: 175 creatures vanquished

Notes
Turn   | Place    | Note
-------+----------+-------------------------------------------
     0 | D:1      | Duffy the Human Gladiator began the quest for the Orb.
     0 | D:1      | Reached XP level 1. HP: 16/16 MP: 1/1
    78 | D:1      | Reached XP level 2. HP: 19/22 MP: 2/2
   287 | D:1      | Reached skill level 1 in Armour
   297 | D:1      | Reached XP level 3. HP: 19/27 MP: 1/3
  1172 | D:2      | Reached XP level 4. HP: 29/34 MP: 4/4
  1771 | D:2      | Found a stormy altar of Qazlal.
  1988 | D:3      | Noticed Natasha
  1997 | D:3      | Killed Natasha
  1997 | D:3      | Reached skill level 4 in Axes
  1997 | D:3      | Reached XP level 5. HP: 27/39 MP: 3/5
  2214 | D:3      | Noticed Sigmund
  2287 | D:3      | Killed Sigmund
  2287 | D:3      | Reached XP level 6. HP: 44/47 MP: 6/6
  2465 | D:3      | Reached skill level 5 in Axes
  2536 | D:4      | Reached XP level 7. HP: 29/52 MP: 4/7
  2911 | D:4      | Found a stormy altar of Qazlal.
  3429 | D:5      | Entered Level 5 of the Dungeon
  3521 | D:5      | You fall through a shaft for 3 floors!
  3916 | D:5      | Noticed Duvessa
  3917 | D:5      | Noticed Dowan
  3970 | D:5      | Killed Duvessa
  3970 | D:5      | Reached skill level 6 in Axes
  3970 | D:5      | Reached XP level 8. HP: 18/60 MP: 1/8
  3973 | D:5      | Killed Dowan
  4205 | D:5      | Reached skill level 5 in Dodging
  4279 | D:5      | Found a shimmering altar of Xom.
  4834 | D:5      | Noticed Blork the orc
  4850 | D:5      | Killed Blork the orc
  4850 | D:5      | Reached skill level 7 in Axes
  5371 | D:6      | Found a staircase to the Ecumenical Temple.
  5380 | Temple   | Entered the Ecumenical Temple
  6183 | D:7      | Reached XP level 9. HP: 57/66 MP: 6/9
  6324 | Temple   | Became a worshipper of Gozag Ym Sagoz the Greedy
  7049 | D:7      | Reached skill level 5 in Fighting
  7066 | D:7      | Reached skill level 8 in Axes
  7243 | D:8      | Reached skill level 5 in Armour
  7745 | D:8      | Noticed a queen bee
  8385 | D:8      | Noticed a hippogriff
  8578 | D:7      | Killed a hippogriff
  8578 | D:7      | Reached skill level 9 in Axes
  8629 | D:7      | Noticed a hippogriff
  8640 | D:7      | Killed a hippogriff
  8640 | D:7      | Reached XP level 10. HP: 35/76 MP: 5/10
 10713 | D:9      | Found a shattered altar of Ashenzari.
 11077 | D:9      | Found a staircase to the Orcish Mines.
 11299 | D:9      | Reached skill level 10 in Axes
 11423 | D:9      | HP: 3/77 [wyvern (7)]
 11424 | D:9      | Slain by a wyvern

Vault maps used:
D:1:      dpeg_arrival_rhombus, st_stairs_5
D:2:      first_bread, nicolae_qazlal_general_emergency
D:3:      lemuel_castle_with_subvaults, uniq_natasha, uniq_sigmund, uniq_terence
D:4:      lemuel_round_altar, hangedman_abyss_or_decor_stagger
D:5:      tgw_xom, uniq_duvessa, uniq_blork_the_orc
D:6:      minmay_temple_entry_purple_smoke
D:7:      kennysheep_dice
D:8:      david_nohive_1
D:9:      erik_lair_dragon, basic_altar
Temple:   compressed_dpeg_triangle_lava_temple

Skill      XL: |  1  2  3  4  5  6  7  8  9 10 |
---------------+-------------------------------+-----
Armour         | 1 2 3 4 5 6 |  6.4
Axes           | 4 5 6 7 9 10 | 10.0
Fighting       | 3 4 5 6 |  6.6
Dodging        | 4 5 6 7 |  7.2
Throwing       | |  2.0

Action                   |  1- 3 |  4- 6 |  7- 9 | 10-12 || total
-------------------------+-------+-------+-------+-------++-------
Melee: War axe           |    86 |    95 |   488 |   234 ||   903
Throw: Throwing net      |       |     2 |     2 |       ||     4
Evoke: Wand              |       |       |       |     7 ||     7
       Box of beasts     |       |       |       |     1 ||     1
  Use: Scroll            |     6 |     6 |     5 |     2 ||    19
       Potion            |       |     4 |     6 |     1 ||    11
  Eat: Chunk             |     1 |     4 |    13 |       ||    18
       Fruit             |       |       |     6 |     1 ||     7
       Royal jelly       |       |       |     1 |     5 ||     6
       Meat ration       |       |       |       |     1 ||     1
Armor: Ring mail         |    29 |    45 |    35 |       ||   109
       Scale mail        |       |       |   226 |   124 ||   350
Dodge: Dodged            |    87 |    80 |   390 |   233 ||   790

Table legend:
 A = Spawn XP
 B = Non-spawn XP
 C = Spawn XP percentage of total XP
 D = Spawn monster count
 E = Non-spawn monster count
 F = Spawn count percentage of total count
 G = Total turns spent on level
                    A         B        C        D         E        F      G
               +---------+---------+-------+---------+---------+-------+---------
         Total |     792 |    5375 |  12.8 |      30 |     144 |  17.2 | 11424
               +---------+---------+-------+---------+---------+-------+---------
           D:1 |       2 |      37 |   5.1 |       1 |      18 |   5.3 |   936
           D:2 |       2 |      81 |   2.4 |       1 |      11 |   8.3 |  1040
           D:3 |       0 |     374 |   0.0 |       0 |      15 |   0.0 |   544
           D:4 |       0 |      82 |   0.0 |       0 |       8 |   0.0 |   911
           D:5 |      33 |     815 |   3.9 |       3 |      25 |  10.7 |  1199
           D:6 |      53 |     187 |  22.1 |       2 |       8 |  20.0 |   939
           D:7 |     643 |    1803 |  26.3 |      20 |      32 |  38.5 |  3388
           D:8 |      26 |    1385 |   1.8 |       2 |      19 |   9.5 |  1292
           D:9 |      33 |     611 |   5.1 |       1 |       8 |  11.1 |   761
               +---------+---------+-------+---------+---------+-------+---------
